 Dungeon Crawl Stone Soup version 0.28-a0-1415-g7c84da036a (webtiles) character file.

Game seed: 5750551412721448669

240 lonewolfV2 the Chopper (level 6, -9/53 HPs)
             Began as a Hill Orc Fighter on Jan 7, 2022.
             Mangled by an ogre (17 damage)
             ... on level 4 of the Dungeon.
             The game lasted 00:05:44 (3682 turns).

lonewolfV2 the Chopper (Hill Orc Fighter)           Turns: 3682, Time: 00:05:44

Health: -9/53      AC:  7    Str: 21    XL:     6   Next: 8%
Magic:  6/6        EV:  9    Int:  8    God:
Gold:   109        SH:  0    Dex: 10    Spells: 5/5 levels left

rFire   . . .      SeeInvis .   n - +2 mace (vorpal)
rCold   . . .      Faith    .   c - +0 buckler
rNeg    . . .      Spirit   .   b - +0 scale mail
rPois   .          Reflect  .   (no helmet)
rElec   .          Harm     .   (no cloak)
rCorr   .          Rampage  .   (no gloves)
Will    .....                   (no boots)
Stlth   ..........              (no amulet)
HPRegen 0.17/turn               (no ring)
MPRegen 0.10/turn               (no ring)

@: confused, lethally poisoned (-9 -> -13), ambrosia-drunk
A: no striking features
a: no special abilities


You were on level 4 of the Dungeon.
You visited 1 branch of the dungeon, and saw 4 of its levels.

You collected 109 gold pieces.

Inventory:

Hand Weapons
 a - a +0 war axe
 n - a +2 vorpal mace (weapon)
Missiles
 j - a throwing net (quivered)
Armour
 b - a +0 scale mail (worn)
 c - a +0 buckler (worn)
Potions
 d - a potion of mutation
 e - 3 potions of curing
 f - 3 potions of heal wounds
 h - 2 potions of haste
 i - a potion of magic
 k - a potion of flight {unknown}
 l - a potion of degeneration {unknown}


   Skills:
 + Level 4.5 Fighting
 + Level 5.3(5.4) Axes
 + Level 0.4(2.7) Maces & Flails
 + Level 4.5 Armour
 + Level 0.7 Dodging
 + Level 0.1 Stealth
 + Level 4.1 Shields


You had 5 spell levels left.
You didn't know any spells.
Your spell library contained the following spells:

 Spells                   Type           Power      Damage    Failure   Level
 Petrify                  Tmut/Erth      0%         N/A       100%        4
 Metabolic Englaciation   Hex/Ice        0%         N/A       100%        5
 Statue Form              Tmut/Erth      0%         N/A       100%        6


Dungeon Overview and Level Annotations

Branches:
Dungeon (4/15)
 Temple: D:4-7

Altars:


Message History

You have reached level 6!
You see here an iguana corpse.
You now have 95 gold pieces (gained 15).
You now have 105 gold pieces (gained 10).
HP restored.
You now have 109 gold pieces (gained 4).
An adder comes into view.
You see here 4 gold pieces.
An adder is nearby!
An adder is nearby!
The adder hisses angrily.
You hear a shout!
An ogre comes into view. It is wielding a +0 giant spiked club.
An adder comes into view.
The adder hisses angrily.
The adder bites you but does no damage. The adder bites you.
You closely miss the adder. The adder bites you but does no damage.
You hit the adder.
The adder is heavily wounded.
The adder closely misses you. The adder bites you but does no damage.
You barely miss the adder.
The adder is heavily wounded.
The ogre barely misses you. The adder bites you but does no damage.
The adder misses you.
You closely miss the adder.
The adder is heavily wounded.
The adder barely misses you.
The ogre hits you with a +0 giant spiked club!!
The adder bites you but does no damage. The adder barely misses you.
You sock the adder!
You kill the adder!
The adder bites you.
You are poisoned.
The adder poisons you!
The ogre hits you with a +0 giant spiked club!!
* * * LOW HITPOINT WARNING * * *
You block the adder's attack.
You are confused.
You feel invigorated.
You feel sick.
The ogre hits you with a +0 giant spiked club!
You die...

#############
...........#
#.........#
#.........#
#.....[..##########
#..$..........†..#
#..............).#
#.......########.#
#..@....# #†#
#.O.S...# #.###
#........# #....
##.#.....########.###
#.......?............
##.#..#..########.###
#.#..#..# #.# #..#..#
#.# #.#


You could see an ogre and an adder.

Vanquished Creatures
  An iguana (D:4)
  Jessica (D:2)
  Terence (D:2)
  A hound skeleton (D:4)
  Robin (D:3)
  5 adders
  2 worms (D:2)
  A dart slug (D:2)
  An orc (D:4)
  7 endoplasms
  4 giant cockroaches
  18 goblins
  8 hobgoblins
  7 jackals
  2 quokkas (D:1)
  6 ball pythons
  4 bats
  4 frilled lizards
  3 kobolds
  5 rats
82 creatures vanquished.

Notes
Turn   | Place    | Note
-------+----------+-------------------------------------------
     0 | D:1      | lonewolfV2 the Hill Orc Fighter began the quest for the
                  | Orb.
     0 | D:1      | Reached XP level 1. HP: 19/19 MP: 1/1
   254 | D:1      | Reached XP level 2. HP: 22/27 MP: 2/2
   534 | D:1      | Found a faded altar of an unknown god.
   766 | D:1      | Reached skill level 3 in Axes
   881 | D:1      | Reached XP level 3. HP: 33/33 MP: 3/3
  1249 | D:2      | Noticed Terence
  1267 | D:2      | Killed Terence
  1268 | D:2      | Reached XP level 4. HP: 22/40 MP: 4/4
  1463 | D:2      | Reached skill level 4 in Axes
  1744 | D:2      | Noticed Jessica
  1763 | D:2      | Killed Jessica
  1764 | D:2      | Reached XP level 5. HP: 21/46 MP: 5/5
  2875 | D:3      | Noticed Robin
  2887 | D:3      | Killed Robin
  2888 | D:3      | Reached skill level 5 in Axes
  3550 | D:4      | Reached XP level 6. HP: 34/53 MP: 6/6
  3682 | D:4      | Mangled by an ogre

Illustrated notes

Levels and vault maps discovered:
D:1:      evilmike_arrival_rings, layout_basic,
          shapermc_ecumenical_altar_mp_vishouse
D:2:      layout_rooms, uniq_jessica, uniq_terence
D:3:      kennysheep_goblin_castle, layout_basic, minmay_misc_feat_tiny,
          hangedman_decor_clover_reticule, dk_vineyard_3,
          kennysheep_big_empty_room
D:4:      layout_loops_ring, slow_altar_2, nrook_mini_backslash,
          kennysheep_windowed_goal

Skill      XL: |  1  2  3  4  5 |
---------------+----------------+-----
Fighting       | 4 |  4.5
Axes           | 3 4 5 |  5.3
Armour         | 4 |  4.5
Shields        | 4 |  4.1
Maces & Flails | |  0.4
Dodging        | |  0.7
Stealth        | |  0.1

Action                   |  1- 3 |  4- 6 || total
-------------------------+-------+-------++-------
Melee: War axe           |    91 |    91 ||   182
       Mace              |       |    29 ||    29
  Use: Potion            |     6 |     1 ||     7
       Scroll            |     2 |     7 ||     9
Armor: Scale mail        |    54 |    72 ||   126
Dodge: Dodged            |    52 |    73 ||   125
Block: Buckler           |    27 |    42 ||    69

Table legend: (Time is in decaauts)
 A = Elapsed time spent in this place.
 B = Non-inter-level travel time spent in this place.
 C = Inter-level travel time spent in this place.
 D = Time resting spent in this place.
 E = Time spent auto-exploring this place.
 F = Levels seen in this place.
 G = Mean time per level.
                   A        B        C        D        E       F      G
               +--------+--------+--------+--------+--------+-----+--------+
         Total |   3756 |   3723 |     33 |    350 |   2617 |   4 |  939.0 |
       Dungeon |   3756 |   3723 |     33 |    350 |   2617 |   4 |  939.0 |
               +--------+--------+--------+--------+--------+-----+--------+

Top non-repeatable levels by time:
     D:3: 1434 daAuts
     D:1: 1106 daAuts
     D:2: 1023 daAuts
     D:4: 191 daAuts
